Semilg, neutral male scurrid Tourist ----- ------------- ##..... |...........- ###|..>.######### |...^.......| #### ----- # |............# ### ### -------------# ### # # ## ### # ####### # ------- # #-----# ###|.....| # ----- #|....## #......| # |....#)####)#%|.<.|## |.....| ### |...| ##|....##########`##############-.....| -|------ # |....#`#######-...| # |.....| ..?..... ##....| |...| # |....>| [[[[[[[ ----- ----- # ------- [[[[[ # [[[[ # [)| * # -@@#f############################################ Semilg the Rambler Experience level: 2 Strength: 14 Dexterity: 11 Constitution: 14 Intelligence: 12 Wisdom: 9 Charisma: 15 Health: 0(18) Energy: 5(5) Def: 0 Gold: 0 Moves: 1021 Dungeon seed: dTteCOKD_P8nI3MQ Game ID: Semilg_1550485841 Your Inventory: Weapons a - 48 uncursed +2 darts (wielded) Armor e - an uncursed +0 Hawaiian shirt (being worn) Comestibles b - 2 uncursed tripe rations c - 2 uncursed chestnuts d - an uncursed cram ration f - an uncursed lembas wafer g - an uncursed tin of newt meat h - 5 uncursed food rations Scrolls k - 4 uncursed scrolls of magic mapping p - an uncursed scroll of teleportation t - a blessed scroll of blank paper Potions i - a blessed potion of extra healing j - an uncursed potion of extra healing s - an uncursed potion of healing Wands n - an uncursed wand of secret door detection (0:12) Tools l - an uncursed expensive camera (0:69) m - an uncursed credit card o - an uncursed tin opener Gems q - 9 uncursed rocks r - an uncursed worthless piece of black glass y - an uncursed aquamarine z - an uncursed worthless piece of yellow glass Spells and supernatural/magical abilities: Name Level Category Fail Memory W - pray for help -- divine ? -- Your skills at the end: Miscellaneous Skills wands [Basic] Weapon Skills dart [Basic] Spellcasting Skills Final Attributes: You were devoutly aligned. You had infravision. You were very stealthy. You were lucky. You are dead. Vanquished creatures: 2 jackals a kobold 5 newts a goblin 2 sewer rats 6 grid bugs 3 lichens 20 creatures vanquished. Voluntary challenges: You followed a strict vegan diet. You did not adorn yourself with jewelry or accessories. You did not cause conflict. You were not invisible. You did not have reflection. You were not displaced. You were an atheist. You used a wielded weapon 29 times, starting on turn 58. You did not use containers. You did not apply a unicorn horn. You did not use plumbed fixtures. You did not drink any magical draughts. You were illiterate. You never genocided any monsters. You never polymorphed an object. You never changed form. You used no wishes. You never split a pudding. You never wrote Elbereth's name. You never violated your personal moral code. Dungeon overview: The Dungeons of Doom: levels 1 to 3 Level 1 a long staircase Level 2 <- You were here an armor shop stairs to The Gnomish Mines Level 3 The Gnomish Mines: Level 3 stairs to The Dungeons of Doom History has recorded: On T:1 you entered the Dungeons of Doom to retrieve the Amulet of Yendor! On T:578 you advanced to experience level 2. On T:655 you reached level 2 of The Dungeons of Doom. On T:899 you reached level 3 of The Dungeons of Doom. On T:926 you reached level 1 of The Gnomish Mines. Score breakdown: Gold: 0 ( 0 points) Experience: 2 levels ( 100 points) Exploration: 3 levels ( 60 points) Discoveries: 7 items ( 350 points) Variety of kills: 7 monsters ( 350 points) Major goal: (nothing yet) ( 0 points) Survival: died (score multiplied by 3) Total score: 2580 Latest messages: You start chewing a hole in the rock. You continue chewing on the rock. (2x) You chew a passage through the rock. You start chewing a hole in the rock. You continue chewing on the rock. (2x) You chew a passage through the rock. You start chewing a hole in the rock. You continue chewing on the rock. (2x) You chew a passage through the rock. You start chewing a hole in the rock. You continue chewing on the rock. (2x) You chew a hole in the wall. <"Cad! You did 140 zorkmids worth of damage!" Pay? [yn]: n> "Oh, yes! You'll pay!" Malasgirt attacks you by surprise! Malasgirt zaps an aluminum wand! The wand hits you! You hear the wailing of the Banshee... Malasgirt zaps a wand of striking! The wand hits you! You die... Malasgirt takes all your possessions. Final status: Aloha Semilg the Tourist, killed by a force bolt... You died in The Dungeons of Doom on dungeon level 2 with 2580 points, and 0 pieces of gold, after 1021 moves. You were level 2 with a maximum of 18 hit points when you died.